 Dungeon Crawl Stone Soup version 0.23.2-11-gf996548c65 (webtiles) character file.

Game seed: 1194836394705881014

22588 radish the Martial Artist (level 13, -2/97 HPs)
             Began as an Octopode Transmuter on June 4, 2019.
             Was a High Priest of Okawaru.
             Slain by a manticore (6 damage)
             ... on level 13 of the Dungeon.
             The game lasted 01:04:09 (21896 turns).

radish the Martial Artist (Octopode Transmuter)    Turns: 21896, Time: 01:04:12

Health: -2/97      AC:  6    Str: 10    XL:     13   Next: 1%
Magic:  7/21       EV: 14    Int: 15    God:    Okawaru [*****.]
Gold:   726        SH:  0    Dex: 17    Spells: 8/23 levels left

rFire    x . .     SeeInvis .     - Unarmed
rCold    + + +     Gourm    .   (shield currently unavailable)
rNeg     . . .     Faith    +   (helmet currently unavailable)
rPois    +         Spirit   .   C - amulet of faith
rElec    .         Reflect  .   (no ring)
rCorr    .         Harm     .   j - ring of stealth
MR       .....                  (no ring)
Stlth    +++++.....             (no ring)
HPRegen  0.26/turn              (no ring)
MPRegen  0.17/turn              (no ring)
                                (no ring)
                                (no ring)

@: ice-form, heroism, finesse, very slightly contaminated
A: large, almost no armour, stealthy swim, amphibious, 8 rings, (constrict 8)
a: End Transformation, Heroism, Finesse, Renounce Religion


You were on level 13 of the Dungeon.
You worshipped Okawaru.
Okawaru was extremely pleased with you.
You were not hungry.
You were a creature of crystalline ice.
You visited 2 branches of the dungeon, and saw 14 of its levels.
You also visited: Sewer.

You collected 726 gold pieces.

Inventory:

Hand Weapons
 y - a +2 trident
 L - a +0 scimitar of flaming
Missiles
 a - 343 arrows
 G - 2 javelins (quivered)
Armour
 H - a +2 hat of magic resistance (melded)
 N - a +0 buckler (melded)
Magical Staves
 R - an uncursed staff of wizardry
Jewellery
 j - a ring of stealth (right front paw)
 C - an amulet of faith (around neck)
 J - an uncursed amulet of the gourmand
Wands
 k - a wand of clouds (13)
 s - a wand of polymorph (2)
 u - a wand of iceblast (6)
 w - a wand of acid (13)
 z - a wand of digging (9)
 O - a wand of paralysis (8)
Scrolls
 b - 2 scrolls of fear
 d - 4 scrolls of teleportation
 e - 3 scrolls of remove curse
 f - 2 scrolls of enchant armour {unknown}
 h - 2 scrolls of amnesia {unknown}
 m - 2 scrolls of noise
 n - a scroll of magic mapping
 q - a scroll of brand weapon {unknown}
 t - a scroll of enchant weapon {unknown}
 B - a scroll of vulnerability {unknown}
 D - a scroll of identify
 F - 2 scrolls of immolation {unknown}
 I - a scroll of holy word {unknown}
 Q - a scroll of random uselessness {unknown}
Potions
 i - 3 potions of brilliance
 o - 5 potions of curing
 p - a potion of haste
 r - a potion of flight
 v - a potion of agility {unknown}
 x - 3 potions of lignification
 A - a potion of might {unknown}
 E - a potion of invisibility {unknown}
 K - a potion of ambrosia {unknown}
 M - a potion of resistance {unknown}
Miscellaneous
 g - a sack of spiders
 l - a lightning rod (4/4)
Comestibles
 c - 17 rations
 P - 3 chunks of flesh


   Skills:
 - Level 5.2(10.2) Fighting
 - Level 2.1(7.1) Dodging
 - Level 4.2(9.2) Stealth
 - Level 13.0(18.0) Unarmed Combat
 + Level 5.8 Spellcasting
 - Level 2.0 Hexes
 - Level 3.5 Charms
 - Level 3.5 Necromancy
 - Level 8.9 Transmutations
 - Level 6.7 Ice Magic
 - Level 6.1 Poison Magic
 - Level 6.5 Invocations


You had 8 spell levels left.
You knew the following spells:

 Your Spells              Type           Power        Failure   Level  Hunger
a - Beastly Appendage     Tmut           ####..       1%          1    None
b - Sticks to Snakes      Tmut           ####....     1%          2    #......
c - Spider Form           Tmut/Pois      ####......   1%          3    ###....
d - Ice Form              Ice/Tmut       ####....     6%          4    ####...
e - Regeneration          Chrm/Necr      ###.......   11%         3    ###....
f - Ensorcelled Hibernat  Hex/Ice        ###...       3%          2    #......

Your spell library contained the following spells:

 Spells                   Type           Power        Failure   Level  Hunger
 Animate Skeleton         Necr           N/A          3%          1    None
 Infusion                 Chrm           ###.         3%          1    None
 Pain                     Necr           ##..         3%          1    None
 Song of Slaying          Chrm           ###.....     5%          2    #......
 Corona                   Hex            ##.....      6%          1    None
 Shroud of Golubria       Chrm/Tloc      #.........   11%         2    #......
 Vampiric Draining        Necr           ##........   11%         3    ###....
 Blade Hands              Tmut           ####......   11%         5    ######.
 Spectral Weapon          Hex/Chrm       ##......     14%         3    ###....
 Confuse                  Hex            ##......     19%         3    ###....
 Tukima's Dance           Hex            ##......     19%         3    ###....
 Dazzling Spray           Conj/Hex       #.....       28%         3    ###....
 Animate Dead             Necr           N/A          34%         4    ####...


Dungeon Overview and Level Annotations

Branches:
Dungeon (13/15)            Temple (1/1) D:6            Lair (0/6) D:8
    Orc (0/2) D:12
 Vaults: D:13-14

Altars:
Ashenzari
Cheibriados
Dithmenos
Elyvilon
Fedhas
Gozag
Hepliaklqana
Kikubaaqudgha
Makhleb
Nemelex Xobeh
Okawaru
Ru
Sif Muna
Trog
Uskayaw
Vehumet
Wu Jian
Xom
Yredelemnul
Zin
The Shining One

Shops:
D:4 :   D:12 }

Annotations:
D:3 exclusion: downstairs
D:4 exclusion: downstairs
D:5 exclusion: 2 downstairs
D:6 exclusion: downstairs, Grinder
D:7 Joseph
D:8 exclusion: downstairs
D:9 exclusion: 2 doors
D:10 exclusion: upstairs


Innate Abilities, Weirdness & Mutations

You cannot wear most types of armour.
You are very stealthy in the water. (Stealth+)
You are amphibious.
You can wear up to eight rings at the same time.
((You can use your tentacles to constrict eight enemies at once.))
((Your skin changes colour to match your surroundings (Stealth+).))
((Your rubbery body absorbs attacks. (AC +1, EV +1)))
((You have very sharp teeth.))
((One of your tentacles bears a spike.))


Message History

The manticore claws you! The manticore misses you.
You punch the manticore! You freeze the manticore.
The manticore is moderately wounded.
The manticore bites you! The manticore claws you!
The manticore claws you but does no damage.
You are too injured to fight recklessly!
You gain the combat prowess of a mighty hero.
The manticore bites you!
* * * LOW HITPOINT WARNING * * *
The manticore claws you but does no damage.
The manticore barely misses you.
You completely miss the manticore.
The manticore is moderately wounded.
You can now deal lightning-fast blows.
The manticore bites you!
* * * LOW HITPOINT WARNING * * *
The manticore claws you!
* * * LOW HITPOINT WARNING * * *
The manticore claws you.
You die...

##.## #...## .....####
........#############
.....##.#...........#
#...###..#.#.######.#
##)####.##.##.## #.############
##.###..##.###.####............#
.........>......Y.############.##
...###..##.##..##H# #......# ####
#..##.##.###.# #.###..#
#...#.#..# #.# #.# #..#
######..#...#.# #.# #####.# #...
............#.# #.# #.....# #.##
############### #.# #.##### #.#
#.# #.# #.# ..# #.# #.#


You could see a manticore.

Vanquished Creatures
  A hydra (D:11)
  2 centaur warriors (D:13)
  2 two-headed ogres
  Erica (D:11)
  An unseen horror (D:10)
  A wizard (D:13)
  Pikel (D:6)
  A deep elf mage (D:12)
  Psyche (D:8)
  A guardian serpent (D:13)
  A kobold demonologist (D:13)
  3 trolls
  7 slime creatures (D:12)
  A hornet (D:8)
  2 dream sheep (D:9)
  5 hippogriffs
  A shadow (D:11)
  A wraith (D:10)
  Sigmund (D:6)
  A basilisk (D:12)
  2 yaks (D:9)
  2 hungry ghosts
  A steam dragon (D:11)
  3 vampire mosquitoes (D:12)
  2 insubstantial wisps (D:11)
  2 acid dragons
  A water moccasin (D:8)
  An ice beast (D:13)
  10 orc warriors
  A black bear (D:11)
  4 sky beasts
  6 ogres
  2 eyes of draining
  7 necrophages (D:7)
  13 centaurs
  12 big kobolds
  8 bullfrogs
  5 gnoll sergeants (D:12)
  3 wyvern zombies
  3 scorpions
  16 killer bees
  7 howler monkeys
  6 wights
  4 bullfrog zombies
  4 centaur zombies
  8 crimson imps
  6 hounds
  A jelly (D:13)
  5 bullfrog skeletons
  A gnoll shaman (D:10)
  11 orc priests
  2 centaur skeletons
  2 iguanas
  14 orc wizards
  12 worker ants
  A hound zombie (D:8)
  4 mummies (D:7)
  2 hound skeletons
  A worker ant zombie (D:6)
  22 gnolls
  A howler monkey zombie (D:7)
  9 adders
  2 river rats
  5 shadow imps
  4 oozes
  3 adder skeletons
  2 worms
  2 dart slugs (D:1)
  9 leopard geckos
  55 orcs
  5 giant cockroaches
  7 hobgoblins
  3 jackals (D:1)
  19 kobolds
  5 quokkas
  8 ball pythons
  8 bats
  3 frilled lizards
  3 goblins
  A leopard gecko skeleton (D:4)
  A quokka zombie (D:7)
  9 rats
416 creatures vanquished.

Vanquished Creatures (collateral kills)
  A gnoll sergeant (D:12)
  A worker ant (D:3)
  A river rat (D:5)
  A kobold (D:3)
4 creatures vanquished.

Vanquished Creatures (others)
  3 slaves (D:6)
  A jelly (D:6)
  An adder (D:11)
5 creatures vanquished.

Grand Total: 425 creatures vanquished

Notes
Turn   | Place    | Note
-------+----------+-------------------------------------------
     0 | D:1      | radish the Octopode Transmuter began the quest for the Orb.
     0 | D:1      | Reached XP level 1. HP: 13/13 MP: 3/3
   289 | D:1      | Reached XP level 2. HP: 18/18 MP: 3/5
   293 | D:1      | Learned a level 2 spell: Sticks to Snakes
  1092 | D:2      | Reached XP level 3. HP: 21/23 MP: 6/6
  1099 | D:2      | Learned a level 3 spell: Spider Form
  1183 | D:2      | Reached skill level 4 in Unarmed Combat
  1414 | D:2      | Reached skill level 1 in Stealth
  1476 | D:2      | Reached XP level 4. HP: 28/28 MP: 7/7
  1480 | D:2      | Reached skill level 1 in Poison Magic
  1897 | D:2      | Reached XP level 5. HP: 31/33 MP: 6/8
  2275 | D:3      | Found a shadowy altar of Dithmenos.
  2986 | D:3      | Found a sparkling altar of Nemelex Xobeh.
  3093 | D:3      | Gained mutation: One of your tentacles bears a spike.
                  | [potion of mutation]
  3093 | D:3      | Gained mutation: You have very sharp teeth. [potion of
                  | mutation]
  3195 | D:4      | Reached XP level 6. HP: 29/38 MP: 4/10
  3822 | D:4      | Reached skill level 5 in Unarmed Combat
  4357 | D:4      | Found a deep blue altar of Sif Muna.
  4378 | D:4      | Reached XP level 7. HP: 15/43 MP: 8/12
  4994 | D:4      | Found Fasun's Book Emporium.
  5375 | D:5      | Entered Level 5 of the Dungeon
  5414 | D:4      | Reached skill level 6 in Unarmed Combat
  5691 | D:5      | Reached XP level 8. HP: 41/50 MP: 13/13
  5897 | D:5      | Found a glowing drain.
  5901 | Sewer    | Entered a sewer
  6124 | Sewer    | Learned a level 4 spell: Ice Form
  6310 | Sewer    | Reached skill level 7 in Unarmed Combat
  6416 | Sewer    | Reached skill level 1 in Ice Magic
  6592 | Sewer    | Reached skill level 5 in Poison Magic
  7390 | D:6      | Reached XP level 9. HP: 55/56 MP: 13/15
  7471 | D:6      | Noticed Sigmund
  7478 | D:6      | Found a staircase to the Ecumenical Temple.
  7490 | Temple   | Entered the Ecumenical Temple
  7519 | Temple   | Became a worshipper of Warmaster Okawaru
  7665 | D:6      | Noticed Pikel
  7668 | D:6      | Killed Sigmund
  7668 | D:6      | Reached skill level 8 in Unarmed Combat
  7690 | D:6      | Killed Pikel
  7690 | D:6      | Reached * piety under Okawaru
  8023 | D:6      | Reached skill level 5 in Transmutations
  8184 | D:6      | Noticed Grinder
  8267 | D:6      | Learned a level 3 spell: Regeneration
  8645 | D:7      | Noticed Joseph
  9174 | D:7      | Reached skill level 9 in Unarmed Combat
  9673 | D:7      | Reached ** piety under Okawaru
  9673 | D:7      | Reached skill level 5 in Spellcasting
  9673 | D:7      | Reached XP level 10. HP: 63/63 MP: 12/17
 10120 | D:7      | Reached skill level 5 in Ice Magic
 11224 | D:8      | Noticed Psyche
 11232 | D:8      | Killed Psyche
 11232 | D:8      | Reached *** piety under Okawaru
 11437 | D:8      | Found a blossoming altar of Fedhas.
 11486 | D:8      | Found a staircase to the Lair.
 12094 | D:9      | Found a hazy altar of Hepliaklqana.
 12094 | D:9      | Found a white marble altar of Elyvilon.
 12198 | D:9      | Reached skill level 1 in Invocations
 12199 | D:9      | Reached skill level 10 in Unarmed Combat
 12502 | D:9      | Reached **** piety under Okawaru
 12773 | D:9      | Reached XP level 11. HP: 67/67 MP: 14/18
 13329 | D:10     | Entered Level 10 of the Dungeon
 13358 | D:10     | Reached skill level 1 in Charms
 13550 | D:10     | Received a gift from Okawaru
 13692 | D:10     | Reached skill level 1 in Necromancy
 14224 | D:10     | You fall through a shaft for 3 floors!
 15032 | D:13     | Noticed a wizard
 15041 | D:13     | Killed a wizard
 15041 | D:13     | Reached ***** piety under Okawaru
 15066 | D:13     | Noticed a manticore
 15444 | D:13     | Noticed a centaur warrior
 15455 | D:13     | Killed a centaur warrior
 15455 | D:13     | Reached skill level 11 in Unarmed Combat
 15903 | D:12     | Noticed a two-headed ogre
 15915 | D:12     | Killed a two-headed ogre
 16656 | D:12     | Found a staircase to the Orcish Mines.
 16679 | D:11     | Received a gift from Okawaru
 16679 | D:11     | Reached XP level 12. HP: 24/74 MP: 19/19
 17411 | D:10     | Reached skill level 5 in Invocations
 17623 | D:9      | Found a hide-covered altar of Uskayaw.
 18416 | D:11     | Noticed Erica
 18423 | D:11     | Killed Erica
 18423 | D:11     | Reached skill level 12 in Unarmed Combat
 18684 | D:11     | Noticed a five-headed hydra
 18696 | D:11     | Killed a five-headed hydra
 18736 | D:11     | Noticed a two-headed ogre
 19703 | D:11     | Killed a two-headed ogre
 20673 | D:12     | Learned a level 2 spell: Ensorcelled Hibernation
 21176 | D:12     | Reached skill level 1 in Hexes
 21373 | D:12     | Received a gift from Okawaru
 21373 | D:12     | Reached skill level 5 in Fighting
 21395 | D:12     | Found Ketzamot's Gadget Shoppe.
 21768 | D:13     | Noticed a centaur warrior
 21775 | D:13     | Killed a centaur warrior
 21775 | D:13     | Reached skill level 13 in Unarmed Combat
 21775 | D:13     | Reached XP level 13. HP: 81/81 MP: 21/21
 21896 | D:13     | HP: 4/97 [manticore (10)]
 21896 | D:13     | Slain by a manticore

Skill      XL: |  1  2  3  4  5  6  7  8  9 10 11 12 |
---------------+-------------------------------------+-----
Unarmed Combat | 4 5 6 7 9 10 11 13 | 13.0
Stealth        | 1 4 |  4.2
Poison Magic   | 1 2 3 4 5 6 |  6.1
Transmutations | 3 4 5 7 8 |  8.9
Spellcasting   | 3 4 5 |  5.8
Fighting       | 2 3 4 5 |  5.2
Ice Magic      | 1 4 6 |  6.7
Invocations    | 2 4 6 |  6.5
Charms         | 3 |  3.5
Necromancy     | 3 |  3.5
Hexes          | 2 |  2.0
Dodging        | |  2.1

Action                   |  1- 3 |  4- 6 |  7- 9 | 10-12 | 13-15 || total
-------------------------+-------+-------+-------+-------+-------++-------
Melee: Unarmed           |    80 |   170 |   304 |   679 |     5 ||  1238
       Constrict         |    24 |    30 |    34 |    37 |       ||   125
       Tentacles         |    15 |    17 |    19 |    44 |       ||    95
       Kick              |    11 |    28 |    43 |    42 |       ||   124
       Bite              |       |     6 |    13 |    27 |       ||    46
       Punch             |       |     4 |    10 |    12 |       ||    26
Throw: Javelin           |       |       |       |     3 |       ||     3
 Cast: Beastly Appendage |    10 |    10 |       |       |       ||    20
       Spider Form       |       |     8 |    19 |     8 |       ||    35
       Sticks to Snakes  |       |     4 |     6 |    13 |       ||    23
       Ice Form          |       |       |     2 |    42 |     1 ||    45
       Regeneration      |       |       |       |     2 |       ||     2
Invok: Heroism           |       |       |       |    12 |     1 ||    13
       Finesse           |       |       |       |     2 |     1 ||     3
 Abil: End Transformatio |       |       |     1 |       |       ||     1
Evoke: Wand              |       |       |       |     6 |       ||     6
  Use: Scroll            |     1 |     4 |     4 |     8 |       ||    17
       Potion            |     1 |     1 |     1 |     5 |       ||     8
 Stab: Sleeping          |     3 |     1 |     6 |    18 |       ||    28
       Distracted        |     1 |       |       |     2 |       ||     3
  Eat: Chunk             |     2 |     9 |    13 |    35 |     1 ||    60
       Ration            |       |     1 |     1 |     5 |       ||     7
Armor: Skin              |     8 |     8 |    14 |   105 |     4 ||   139
Dodge: Dodged            |    55 |   130 |   179 |   307 |     4 ||   675
Block: Buckler           |       |       |       |     1 |       ||     1
